 Dungeon Crawl Stone Soup version 0.31.0-11-ge490571c62 (webtiles) character file.

Game seed: 11181357046086179355

109 qw the Skirmisher (level 4, -1/25 HPs)
             Began as a Deep Elf Hunter on Feb 3, 2024.
             Slain by a rat (3 damage)
             ... on level 3 of the Dungeon.
             The game lasted 00:00:06 (1718 turns).

qw the Skirmisher (Deep Elf Hunter)                 Turns: 1718, Time: 00:00:06

Health: -1/25      AC:  6    Str: 10    XL:     4   Next: 59%
Magic:  6/6        EV:  9    Int: 14    God:
Gold:   57         SH:  0    Dex: 18    Spells: 3/3 levels left

rFire   + . .        a - +2 shortbow
rCold   . . .        (shield currently unavailable)
rNeg    . . .        d - +0 scale mail
rPois   .            (no helmet)
rElec   .            h - scarf {repulsion}
rCorr   .            (no gloves)
SInv    .            (no boots)
Will    .....        (no amulet)
Stlth   +            b - ring of protection from fire
HPRegen 0.24/turn    (no ring)
MPRegen 0.10/turn

%: repel missiles
@: no status effects
A: no striking features
a: no special abilities


You were on level 3 of the Dungeon.
You visited 1 branch of the dungeon, and saw 3 of its levels.

You collected 57 gold pieces.


   Skills:
 - Level 1.5 Fighting
 + Level 8.0 Ranged Weapons
 - Level 2.4 Dodging
 - Level 1.2 Stealth


You had 3 spell levels left.
You didn't know any spells.
Your spell library was empty.

Inventory:

Hand Weapons
 a - a +2 shortbow (weapon)
Armour
 d - a +0 scale mail (worn)
 h - a scarf of repulsion (worn)
 j - a +0 pair of gloves
Jewellery
 b - a ring of protection from fire (left hand)
 i - a ring of ice
Scrolls
 g - a scroll of brand weapon {unknown}
Potions
 c - a potion of haste {unknown}
 e - 2 potions of might {unknown}

Dungeon Overview and Level Annotations

Branches:
Dungeon (3/15)

Altars:

Annotations:
D:3 Ijyb


Message History

You shoot an arrow. The rat squeaks loudly.
The arrow hits Ijyb but does no damage.
Ijyb is moderately wounded.
Ijyb screams, "Level is mine!
All mine!"
Ijyb hits you with a +0 club. x2
You shoot an arrow. The arrow barely misses Ijyb.
Ijyb completely misses you.
You shoot an arrow. The arrow closely misses Ijyb.
Ijyb hits you with a +0 club.
You shoot an arrow. The arrow hits Ijyb but does no damage.
Ijyb is moderately wounded.
Ijyb hits you with a +0 club. x2
You shoot an arrow. The arrow barely misses Ijyb.
Ijyb hits you with a +0 club.
A hobgoblin comes into view.
The rat barely misses you.
You shoot an arrow. The arrow barely misses Ijyb.
Ijyb barely misses you. The rat bites you but does no damage.
You shoot an arrow. The arrow hits Ijyb.
Ijyb is moderately wounded.
Ijyb hits you but does no damage. The rat barely misses you.
Ijyb hits you with a +0 club.
You shoot an arrow. The arrow hits Ijyb but does no damage.
Ijyb is moderately wounded.
The rat barely misses you. Ijyb hits you but does no damage. The rat bites you.
You shoot an arrow. The arrow closely misses Ijyb.
Ijyb hits you with a +0 club. The rat bites you but does no damage.
You shoot an arrow. The arrow hits Ijyb but does no damage.
Ijyb is moderately wounded.
Ijyb hits you but does no damage. The rat closely misses you.
You shoot an arrow. The arrow hits Ijyb but does no damage.
Ijyb is moderately wounded.
Ijyb barely misses you. The hobgoblin hits you. The rat bites you.
Ijyb hits you but does no damage. The hobgoblin barely misses you.
The rat bites you but does no damage.
You shoot an arrow. The arrow hits Ijyb but does no damage.
Ijyb is moderately wounded.
Ijyb hits you with a +0 club. The rat bites you.
You die...

......#............).......
................>....##....
.................).... ....
.........#......)).... ....
##.#....#........#........
..#....#............. ...
####....#.....####.....
###.........g......
..........#@r......#
..........g.........
..........######...#
...................#
....##....#.......# ....
#............# .#
#.............
#..##.........
.....##.........


You could see Ijyb, a hobgoblin and a rat.

Vanquished Creatures
  2 orc priests (D:3)
  A dart slug (D:2)
  A ribbon worm (D:2)
  3 orcs (D:3)
  5 ball pythons
  3 bats
  3 endoplasms
  4 giant cockroaches
  4 goblins
  4 hobgoblins
  3 jackals (D:2)
  A quokka (D:1)
  A frilled lizard (D:3)
  6 rats
41 creatures vanquished.

Notes
Turn   | Place    | Note
-------+----------+-------------------------------------------
     0 | D:1      | qw the Deep Elf Hunter began the quest for the Orb.
     0 | D:1      | Reached XP level 1. HP: 12/12 MP: 3/3
     0 | D:1      | 0 ||| qw: Version: 0.3-a-157-g843a77d
     0 | D:1      | 0 ||| qw: Game counter: 3967
     0 | D:1      | 0 ||| qw: Melee chars always use a shield: true
     0 | D:1      | 0 ||| qw: God list: Okawaru
     0 | D:1      | 0 ||| qw: Allow faded altars: false
     0 | D:1      | 0 ||| qw: Do Orc after clearing Dungeon:15 true
     0 | D:1      | 0 ||| qw: Do second Lair branch before Depths: true
     0 | D:1      | 0 ||| qw: Lair rune preference: random
     0 | D:1      | 0 ||| qw: Goals: Normal
     0 | D:1      | 0 ||| PLANNING D:1-11
   321 | D:1      | Reached XP level 2. HP: 16/16 MP: 4/4
   328 | D:1      | Reached skill level 6 in Ranged Weapons
   763 | D:1      | 763 ||| UPGRADING to +0 scale mail.
   773 | D:1      | 773 ||| DROPPING +0 leather armour.
   774 | D:1      | 774 ||| UPGRADING to scarf of repulsion.
   779 | D:1      | 779 ||| READING scroll labelled XOMUTUTUYJO.
   780 | D:1      | 780 ||| READING 2 scrolls labelled USIVAWUXIN.
   781 | D:1      | 781 ||| READING scroll labelled RENETO YLYMNURGH.
   781 | D:1      | 781 ||| ENCHANTING +0 shortbow.
   782 | D:1      | 782 ||| DRINKING 2 cyan potions.
   783 | D:1      | 783 ||| DROPPING scroll of butterflies.
   784 | D:1      | 784 ||| DROPPING scroll of amnesia.
   919 | D:2      | Reached XP level 3. HP: 13/20 MP: 5/5
  1061 | D:2      | 1061 ||| READING scroll of enchant weapon.
  1061 | D:2      | 1061 ||| ENCHANTING +1 shortbow.
  1534 | D:2      | 1534 ||| UPGRADING to ring of protection from fire.
  1574 | D:3      | Found a faded altar of an unknown god.
  1579 | D:3      | Reached skill level 7 in Ranged Weapons
  1581 | D:3      | Reached XP level 4. HP: 25/25 MP: 6/6
  1625 | D:3      | Reached skill level 8 in Ranged Weapons
  1690 | D:3      | Noticed Ijyb
  1691 | D:3      | 1691 ||| FLEEEEING.
  1692 | D:3      | 1692 ||| FLEEEEING.
  1693 | D:3      | 1693 ||| FLEEEEING.
  1694 | D:3      | 1694 ||| FLEEEEING.
  1695 | D:3      | 1695 ||| FLEEEEING.
  1696 | D:3      | 1696 ||| FLEEEEING.
  1703 | D:3      | HP: 6/25 [Ijyb/+0 club (4)]
  1703 | D:3      | HP: 2/25 [Ijyb/+0 club (4)]
  1704 | D:3      | 1704 ||| DRINKING potion of heal wounds.
  1715 | D:3      | HP: 6/25 [Ijyb/+0 club (2)]
  1717 | D:3      | HP: 2/25 [rat (1)]
  1718 | D:3      | Slain by a rat

Levels and vault maps discovered:
D:1:      dpeg_cavernosity, layout_loops_ring
D:2:      layout_basic
D:3:      layout_basic, ebering_ecumenical_altar_box,
          corexii_item_surrounded_by_moat, uniq_ijyb

Skill      XL: |  1  2  3  4 |
---------------+-------------+-----
Ranged Weapons | 6 7 8 |  8.0
Fighting       | |  1.5
Dodging        | |  2.4
Stealth        | |  1.2

Action                     |  1- 3 |  4- 6 || total
---------------------------+-------+-------++-------
   Fire: Shortbow          |    78 |    47 ||   125
    Use: Scroll            |     4 |       ||     4
         Potion            |     1 |     1 ||     2
 Armour: Leather armour    |     4 |       ||     4
         Scale mail        |    18 |    30 ||    48
  Dodge: Dodged            |    23 |    11 ||    34
         Repelled          |     2 |       ||     2

Table legend:
 A = Non-vault XP
 B = Vault XP
 C = Vault XP percentage of total XP
 D = Non-vault monster count
 E = Vault monster count
 F = Vault count percentage of total count
                 A         B        C        D         E       F
            +---------+---------+-------+---------+---------+-------
      Total |     148 |       8 |   5.1 |      37 |       4 |   9.8
            +---------+---------+-------+---------+---------+-------
        D:1 |      15 |       8 |  34.8 |      10 |       4 |  28.6
        D:2 |      31 |       0 |   0.0 |      15 |       0 |   0.0
        D:3 |     102 |       0 |   0.0 |      12 |       0 |   0.0
            +---------+---------+-------+---------+---------+-------
